Map: Blackpink LE

Players

Kelazhur

  • Race: Terran Terran
  • League: Master
  • Spawn Location: 1:00

SpeCial - Winner!

  • Race: Terran Terran
  • League: Master
  • Spawn Location: 7:00

Event: IEM Season 12 - PyeongChang

VOD

Have the link to the VOD?

Description

Time

  • Played on: Feb. 4, 2018, 2:35 p.m.
  • Length: 14:21

All games in this series

Show
View Real Time Build Order
Export as new Build Order

Kelazhur Terran 

Build Orders: 1/1/1, Cyclone Opening, Mech 

Get SALT Encoding   

  12  0:00  SCV  
  13  0:12  SCV  
  14  0:17  Supply Depot  
  14  0:24  SCV  
  14  0:27  Refinery  
  15  0:39  SCV  
  16  0:44  Barracks  
  16  0:51  SCV  
  16  0:55  Refinery  
  17  1:03  SCV  
  18  1:15  SCV  
  19  1:31  Orbital Command  
  19  1:32  Factory  
  19  1:34  Reaper  
  20  1:44  Supply Depot  
  20  1:56  SCV  
  21  2:06  Reaper  
  21  2:08  SCV  
  23  2:17  Cyclone  
  23  2:20  SCV, Starport  
  27  2:32  Supply Depot, SCV  
  28  2:38  Barracks Tech Lab  
  28  2:49  Hellion  
  30  3:00  SCV  
  31  3:06  Cloaking Field, Banshee  
  33  3:23  SCV  
  33  3:25  Command Center  
  30  3:35  SCV  
  30  3:40  Cyclone, Barracks Reactor  
  34  3:49  Supply Depot, Viking  
  34  3:52  SCV  
  37  4:04  SCV  
  38  4:19  Raven  
  38  4:24  SCV  
  41  4:37  SCV  
  42  4:39  Command Center  
  42  4:44  Hellion x2  
  46  4:46  Orbital Command  
  45  4:55  SCV  
  45  4:58  Marine  
  40  5:08  SCV  
  40  5:12  Cyclone x2  
  40  5:14  SCV  
  48  5:16  Marine  
  48  5:20  SCV  
  48  5:21  Banshee  
  50  5:26  Supply Depot, SCV  
  54  5:32  SCV  
  55  5:38  SCV  
  56  5:44  SCV  
  56  5:48  Supply Depot  
  57  5:50  Cyclone x2, SCV  
  64  6:01  Orbital Command  
  64  6:02  SCV x2  
  66  6:06  Refinery x2  
  66  6:14  SCV x2, Engineering Bay  
  66  6:17  Starport Reactor  
  68  6:26  SCV x2  
  70  6:34  Hellion x2  
  70  6:35  Factory  
  70  6:38  SCV x2  
  74  6:40  Factory  
  72  6:49  Orbital Command  
  72  6:50  SCV  
  72  6:51  SCV  
  74  7:03  SCV x2  
  74  7:04  Hellion x2  
  74  7:05  Viking  
  74  7:07  Viking  
  84  7:15  SCV x2, Armory  
  83  7:18  SCV  
  84  7:27  SCV x2, Factory Tech Lab  
  84  7:29  Hellion x2, Siege Tank  
  93  7:37  Supply Depot  
  93  7:40  Supply Depot  
  93  7:42  Liberator x2  
  93  7:50  Supply Depot  
  93  7:54  Supply Depot  
  93  7:59  SCV x2  
  93  8:02  SCV  
  93  8:03  Supply Depot  
  93  8:05  Siege Tank, Terran Vehicle Weapons Level 1  
  105  8:08  Hellion x2  
  105  8:11  Refinery  
  105  8:12  SCV x2  
  111  8:13  Siege Tank  
  111  8:14  SCV  
  109  8:24  SCV  
  109  8:32  SCV x2  
  109  8:33  Hellion  
  109  8:34  Hellion  
  114  8:36  SCV  
  115  8:42  Viking x2  
  115  8:45  Siege Tank  
  115  8:46  Supply Depot, SCV  
  123  8:52  SCV, Refinery  
  123  8:53  Siege Tank  
  127  8:59  SCV x2  
  129  9:04  Hellion x2  
  129  9:07  SCV  
  129  9:08  Supply Depot  
  134  9:11  Supply Depot, SCV  
  135  9:18  SCV  
  135  9:19  Supply Depot  
  135  9:22  Siege Tank  
  139  9:25  Siege Tank  
  139  9:28  SCV  
  141  9:33  Hellion  
  141  9:34  Hellion  
  141  9:36  Supply Depot  
  141  9:38  Supply Depot, Factory  
  145  9:41  Factory  
  142  9:49  Viking x2  
  146  9:54  SCV x3  
  146  9:56  Starport  
  149  10:04  Siege Tank, Command Center  
  149  10:05  Hellion  
  157  10:15  Thor  
  157  10:16  Terran Vehicle Weapons Level 2  
  157  10:17  Supply Depot  
  157  10:20  Supply Depot  
  159  10:32  SCV  
  160  10:39  Factory Tech Lab  
  160  10:40  Viking x2, Factory Reactor  
  160  10:42  Starport Reactor  
  164  10:45  Starport Tech Lab  
  164  10:57  Fusion Core  
  156  11:05  Viking  
  158  11:28  Viking x2  
  162  11:34  Starport, Planetary Fortress  
  162  11:38  Liberator  
  162  11:40  Liberator  
  162  11:48  Refinery  
  162  11:49  Refinery  
  162  11:52  Siege Tank x3  
  162  11:53  Hellion x3  
  162  11:54  Hellion  
  137  12:23  Hellion  
  137  12:24  Hellion x3, Siege Tank x2  
  137  12:27  Siege Tank  
  133  12:45  Hellion x3  
  133  12:46  Viking x2  
  143  12:56  Siege Tank  
  143  12:57  Siege Tank  
  144  12:59  Siege Tank  
  133  13:09  Viking  
  129  13:13  Hellion x3  
  129  13:14  Viking  
  129  13:16  Viking x2  
  137  13:21  SCV x3  
  137  13:23  SCV  
  141  13:33  SCV x3  
  141  13:35  SCV  
  141  13:39  Viking  
  140  13:44  Viking  
  140  13:46  Viking x2  
Show
View Real Time Build Order
Export as new Build Order

SpeCial Terran - Winner!

Build Orders: 1/1/1, Cyclone Opening, Mech 

Get SALT Encoding   

  12  0:00  SCV  
  13  0:12  SCV  
  14  0:17  Supply Depot  
  14  0:24  SCV  
  15  0:28  Refinery  
  15  0:39  SCV  
  16  0:44  Barracks  
  16  0:51  SCV  
  16  0:55  Refinery  
  17  1:03  SCV  
  18  1:15  SCV  
  20  1:33  Orbital Command, Factory  
  20  1:36  Reaper  
  20  1:44  Supply Depot  
  20  1:59  SCV  
  22  2:08  Reaper  
  22  2:11  SCV  
  23  2:17  Starport  
  23  2:21  Cyclone  
  26  2:23  SCV  
  26  2:28  Supply Depot  
  27  2:35  SCV  
  28  2:41  Barracks Tech Lab  
  28  2:48  SCV  
  29  2:54  Hellion  
  31  3:00  SCV  
  32  3:07  Cloaking Field, Banshee  
  34  3:18  SCV  
  34  3:25  Command Center  
  31  3:34  Cyclone  
  31  3:38  SCV  
  35  3:41  Barracks Reactor  
  35  3:46  Supply Depot  
  35  3:50  SCV  
  36  4:02  SCV  
  37  4:07  Raven  
  37  4:14  SCV  
  38  4:19  Marine, Command Center  
  38  4:23  Marine  
  40  4:26  SCV  
  39  4:38  SCV  
  39  4:40  Marine x2  
  40  4:50  SCV  
  40  4:59  Banshee  
  42  5:02  SCV  
  42  5:04  Marine, Factory Tech Lab  
  44  5:08  Marine  
  44  5:11  Orbital Command  
  42  5:15  SCV  
  42  5:18  Bunker  
  43  5:23  Siege Tank  
  43  5:27  SCV, Marine x2  
  49  5:37  SCV  
  49  5:39  SCV  
  51  5:49  SCV  
  52  5:51  SCV  
  56  5:57  Siege Tank, Orbital Command  
  56  6:02  SCV  
  56  6:03  SCV  
  58  6:09  Refinery  
  58  6:10  Refinery  
  58  6:14  SCV  
  58  6:15  SCV  
  60  6:19  Viking x2  
  60  6:23  Supply Depot  
  64  6:27  SCV x2  
  64  6:31  SCV, Factory  
  67  6:33  Factory  
  67  6:40  Siege Tank  
  67  6:41  SCV x2  
  67  6:43  SCV  
  70  6:54  Barracks Reactor  
  70  6:57  SCV x2  
  70  6:58  Viking  
  71  7:02  SCV  
  71  7:03  Viking  
  74  7:09  SCV x2  
  74  7:12  Armory  
  76  7:18  Hellion  
  76  7:19  Barracks Reactor, Hellion  
  76  7:20  Hellion  
  76  7:22  SCV x3  
  83  7:32  Supply Depot  
  83  7:34  Supply Depot, SCV x2  
  85  7:42  Supply Depot  
  85  7:49  Supply Depot  
  85  7:53  Siege Tank x2  
  85  7:56  Orbital Command  
  85  7:57  SCV  
  85  7:58  SCV  
  90  7:59  Hellion  
  90  8:00  Hellion  
  94  8:05  Terran Vehicle Weapons Level 1  
  94  8:10  SCV x2  
  96  8:12  Viking  
  96  8:13  Viking  
  100  8:22  SCV x2  
  100  8:23  SCV  
  103  8:29  Hellion x2  
  103  8:30  Siege Tank x2  
  103  8:34  SCV x2  
  111  8:35  SCV  
  111  8:38  Refinery  
  111  8:39  Refinery  
  110  8:42  Viking x2  
  110  8:46  SCV x2  
  110  8:47  SCV  
  117  8:53  Factory  
  117  8:56  Supply Depot, Factory  
  117  8:58  Supply Depot x2  
  117  8:59  SCV x2  
  117  9:00  SCV  
  120  9:04  Hellion x2  
  123  9:11  SCV  
  123  9:14  Supply Depot  
  123  9:15  Supply Depot  
  123  9:16  Supply Depot  
  124  9:17  Siege Tank x2  
  124  9:21  Supply Depot  
  130  9:30  SCV x2  
  121  9:41  SCV  
  121  9:42  SCV  
  122  9:45  Factory Tech Lab  
  122  9:46  Factory Reactor  
  122  9:47  SCV  
  122  9:50  Siege Tank x2  
  127  9:55  Hellion  
  129  10:02  Hellion  
  129  10:03  Terran Vehicle Weapons Level 2  
  129  10:05  SCV  
  129  10:06  SCV  
  133  10:08  SCV  
  133  10:10  Refinery  
  133  10:14  Supply Depot  
  134  10:15  Supply Depot  
  134  10:16  Hellion  
  134  10:20  Siege Tank  
  134  10:21  Command Center  
  139  10:22  Hellion  
  139  10:23  Infernal Pre-Igniter, Hellion  
  139  10:28  Siege Tank  
  140  10:37  Hellion  
  140  10:40  Hellion  
  144  10:43  Siege Tank  
  144  10:45  Hellion  
  144  10:47  Supply Depot x2  
  149  10:56  Hellion x2  
  149  10:59  Hellion  
  149  11:00  Siege Tank  
  154  11:06  Viking x2, Hellion  
  160  11:12  Hellion  
  160  11:17  Hellion  
  164  11:20  Hellion  
  164  11:21  Siege Tank x2  
  172  11:27  Hellion  
  174  11:38  Hellion x2  
  178  11:41  Hellion  
  178  11:49  Hellion  
  178  11:53  Siege Tank x2  
  186  11:55  Viking x2  
  186  11:57  SCV x2  
  186  11:58  SCV, Orbital Command  
  193  12:03  Hellion  
  193  12:08  Liberator x2  
  165  12:23  Thor  
  165  12:24  Hellion x2  
  165  12:25  Thor  
  184  12:35  SCV x3  
  181  12:41  Thor  
  181  12:42  Hellion  
  183  12:46  Refinery  
  183  12:47  Refinery  
  183  12:50  Hellion  
  183  12:53  Hellion  
  164  13:11  Hellion x2, Siege Tank x2  
  169  13:17  Viking  
  171  13:21  Supply Depot  
  171  13:22  Viking  
  171  13:24  Siege Tank  
  176  13:42  Hellion x3  
  176  13:43  Siege Tank  
  176  13:45  Hellion  
  186  13:48  SCV x2  
  186  13:53  Hellion  

Tags
 
Add a new tag
Caveats
  • Supply blocks, unpowered buildings, or Contaminate may cause inaccurate times.
  • Supply counts are checked every 10 seconds.